 Dungeon Crawl Stone Soup version 0.25-a0-280-gfa4545f159 (webtiles) character file.

Game seed: 3455320740413052234, levelgen mode: deterministic

147 MisterFreud the Skirmisher (level 5, 0/42 HPs)
             Began as a Human Wanderer on Dec 10, 2019.
             Slain by a white imp (5 damage)
             ... summoned by Natasha
             ... on level 3 of the Dungeon.
             The game lasted 00:05:55 (3291 turns).

MisterFreud the Skirmisher (Human Wanderer)         Turns: 3291, Time: 00:05:55

Health: 0/42       AC: 10    Str: 15    XL:     5   Next: 54%
Magic:  6/6        EV: 10    Int: 13    God:
Gold:   121        SH:  0    Dex: 10    Spells: 6/6 levels left

rFire    . . .     SeeInvis .   n - +3 short sword (venom)
rCold    . . .     Gourm    .   (no shield)
rNeg     . . .     Faith    .   t - quicksilver dragon scales
rPois    .         Spirit   .   (no helmet)
rElec    .         Reflect  .   o - +0 cloak
rCorr    .         Harm     .   (no gloves)
MR       +....                  (no boots)
Stlth    +.........             j - amulet of inaccuracy (curse)
HPRegen  0.14/turn              (no ring)
MPRegen  0.10/turn              (no ring)

@: no status effects
A: no striking features
a: no special abilities


You were on level 3 of the Dungeon.
You were not hungry.

You visited 1 branch of the dungeon, and saw 3 of its levels.

You collected 121 gold pieces.

Inventory:

Hand Weapons
 a - a +1 dagger
 l - a +0 short sword
 n - a +3 short sword of venom (weapon)
Missiles
 d - 14 poisoned darts (quivered)
 h - 73 stones
 m - 28 arrows
 p - 15 sling bullets
Armour
 f - a +1 robe
 i - a +0 shield
 o - a +0 cloak (worn)
 t - quicksilver dragon scales (worn)
Jewellery
 j - a cursed amulet of inaccuracy (around neck)
Scrolls
 k - 3 scrolls of teleportation
 q - a scroll of enchant armour
 r - a scroll of enchant weapon
 s - a scroll of fog
Potions
 b - a potion of haste
 c - 2 potions of lignification
 e - a potion of heal wounds
Comestibles
 g - 7 rations


   Skills:
 - Level 4.0 Fighting
 + Level 2.3 Short Blades
 - Level 2.0 Throwing
 - Level 1.0 Dodging
 - Level 1.0 Stealth
 - Level 3.0 Unarmed Combat
 - Level 1.0 Spellcasting
   Level 2.0 Air Magic


You had 6 spell levels left.
You didn't know any spells.
Your spell library was empty.

Dungeon Overview and Level Annotations

Branches:
Dungeon (3/15)

Altars:
Qazlal
The Shining One

Annotations:
D:3 Natasha


Message History

Natasha howls an incantation.
Natasha shimmers violently.
Natasha claws you. x2
The white imp gestures at you. The puff of frost hits you.
You hit Natasha.
Natasha is poisoned.
Natasha is moderately wounded.
Natasha claws you! The white imp hits you. The white imp freezes you.
You miss Natasha.
Natasha is moderately wounded.
Natasha completely misses you. Natasha claws you.
The white imp gestures at you. The puff of frost hits you!
* * * LOW HITPOINT WARNING * * *
You hit Natasha.
Natasha looks as sick as possible!
Natasha is severely wounded.
Natasha barely misses you. The white imp hits you.
* * * LOW HITPOINT WARNING * * *
The white imp freezes you.
You die...

.##...)####.# ###### #
###.........#########....##
# #.###...####............#
# #.# #...####.######.....#
# #.# #>.......# #.....# #
#.# #.#####..#
#####.####### ###.# #.#
#..# #........ ..#.# ###
#..################## #.#.#
#...@h............... #.#.#
#....5............... #.#.#
#P#..###.###...#######.
#.#.# #b#... .# #...# #.
#.#.# #####.# # #...# #.
#.#.# .# #...# #. #.#.# .#
.###...#######. .<#.#
.............##. ###.######
#.......####.##.


You could see Natasha and a white imp.

Vanquished Creatures
  Natasha (D:3)
  Terence (D:3)
  An adder (D:3)
  3 oozes
  A worm (D:3)
  4 dart slugs
  4 leopard geckos
  An orc (D:3)
  5 giant cockroaches
  3 hobgoblins
  7 kobolds
  13 bats
  4 frilled lizards
  5 goblins
  14 rats
67 creatures vanquished.

Notes
Turn   | Place    | Note
-------+----------+-------------------------------------------
     0 | D:1      | MisterFreud the Human Wanderer began the quest for the Orb.
     0 | D:1      | MisterFreud set off with the following items: a +0 dagger,
                  | a potion of haste, a potion of lignification, 14 poisoned
                  | darts, a potion of heal wounds, a +0 robe, a ration
     0 | D:1      | Reached XP level 1. HP: 13/13 MP: 2/2
    75 | D:1      | Reached skill level 1 in Fighting
   375 | D:1      | Reached XP level 2. HP: 13/21 MP: 3/3
   846 | D:1      | Reached skill level 2 in Fighting
  1118 | D:1      | Reached XP level 3. HP: 22/28 MP: 4/4
  1557 | D:2      | Reached skill level 3 in Fighting
  1937 | D:2      | Reached XP level 4. HP: 35/35 MP: 5/5
  2095 | D:2      | Found a glowing golden altar of the Shining One.
  2216 | D:3      | Noticed Terence
  2229 | D:3      | Killed Terence
  2233 | D:3      | Reached skill level 1 in Short Blades
  2244 | D:3      | Reached XP level 5. HP: 19/42 MP: 6/6
  2450 | D:3      | Reached skill level 4 in Fighting
  3068 | D:3      | Found a stormy altar of Qazlal.
  3119 | D:3      | Noticed Natasha
  3127 | D:3      | Killed Natasha
  3282 | D:3      | Noticed Natasha
  3291 | D:3      | Slain by a white imp

Levels and vault maps discovered:
D:1:      wander_arrival_estate, layout_loops_corners, minmay_pentomino_p4
D:2:      layout_basic, first_ration, serial_park_tiny_2,
          nicolae_tso_swordbearing_angel
D:3:      layout_basic, lemuel_crystal_altar, serial_aquarium,
          aquarium_bridge_square [aquarium_subvault_bridge,
          aquarium_subvault_wall, aquarium_subvault_wall,
          aquarium_subvault_window], aquarium_window_fake,
          aquarium_window_corner, aquarium_window_corner, aquarium_view_2c,
          aquarium_view_4, nrook_mini_vaults, kennysheep_generic_room_4,
          uniq_natasha, uniq_terence

Skill      XL: |  1  2  3  4  5 |
---------------+----------------+-----
Fighting       | 1 2 3 4 |  4.0
Short Blades   | 1 2 |  2.3
Throwing       | |  2.0
Dodging        | |  1.0
Stealth        | |  1.0
Unarmed Combat | |  3.0
Spellcasting   | |  1.0
Air Magic      | |  2.0

Action                   |  1- 3 |  4- 6 || total
-------------------------+-------+-------++-------
Melee: Dagger            |   141 |       ||   141
       Punch             |     5 |       ||     5
       Short sword       |    15 |    84 ||    99
       Unarmed           |    12 |       ||    12
  Use: Scroll            |     3 |     3 ||     6
 Stab: Sleeping          |     3 |     2 ||     5
  Eat: Chunk             |     3 |     5 ||     8
Armor: Robe              |    58 |    14 ||    72
       Quicksilver drago |       |    26 ||    26
Dodge: Dodged            |   101 |    47 ||   148

Table legend:
 A = Non-vault XP
 B = Vault XP
 C = Vault XP percentage of total XP
 D = Non-vault monster count
 E = Vault monster count
 F = Vault count percentage of total count
                 A         B        C        D         E       F
            +---------+---------+-------+---------+---------+-------
      Total |     128 |      82 |  39.0 |      61 |       6 |   9.0
            +---------+---------+-------+---------+---------+-------
        D:1 |      45 |       6 |  11.8 |      26 |       2 |   7.1
        D:2 |      39 |       0 |   0.0 |      21 |       0 |   0.0
        D:3 |      44 |      76 |  63.3 |      14 |       4 |  22.2
            +---------+---------+-------+---------+---------+-------
